 Dungeon Sprint DCSS version 0.21-a0-286-g6fcecc0 (webtiles) character file.

569 potatolord6000 the Covert (level 7, 0/36 HPs)
             Began as a Deep Elf Fire Elementalist on Sept 26, 2017.
             Was a High Priest of Vehumet.
             Slain by a shadow wraith (12 damage)
             ... in the Dungeon (Sprint VII: "The Pits").
             The game lasted 00:05:46 (754 turns).

potatolord6000 the Covert (DEFE)                     Turns: 754, Time: 00:05:47

Health: 0/36       AC:  2    Str:  5    XL:     7   Next: 11%
Magic:  7/21       EV: 18    Int: 22    God:    Vehumet [*****.]
Gold:   0          SH:  0    Dex: 15    Spells: 9/24 levels left

rFire    . . .     SeeInvis .   q - +1 dagger (elec)
rCold    . . .     Gourm    .   (no shield)
rNeg     . . .     Faith    .   a - +0 robe
rPois    .         Spirit   .   (no helmet)
rElec    .         Reflect  .   (no cloak)
rCorr    .         Harm     .   (no gloves)
MR       .....     NoTele   +   (no boots)
Stlth    ++++......             (no amulet)
HPRegen  0.12/turn              (no ring)
MPRegen  0.17/turn              (no ring)

@: slowed, very slow
A: no striking features
a: Renounce Religion


You were in the Dungeon.
You worshipped Vehumet.
Vehumet was extremely pleased with you.
You were not hungry.

You visited 1 branch

Inventory:

Hand Weapons
 q - a +1 dagger of electrocution (weapon)
Armour
 a - a +0 robe (worn)
Scrolls
 l - 3 scrolls of remove curse
 m - 5 scrolls of amnesia
Potions
 d - 6 potions of curing
 g - 3 potions of magic
 h - 2 potions of berserk rage
Books
 b - a book of Flames

   Spells                             Type                      Level
   a - Flame Tongue                   Conjuration/Fire             1
   b - Throw Flame                    Conjuration/Fire             2
   c - Conjure Flame                  Conjuration/Fire             3
   d - Inner Flame                    Hexes/Fire                   3
   e - Sticky Flame                   Conjuration/Fire             4
   f - Fireball                       Conjuration/Fire             5
Comestibles
 c - 8 bread rations
 o - 40 fruits
 p - 7 meat rations


   Skills:
 + Level 8.7 Dodging
 + Level 9.4 Stealth
 + Level 9.4 Spellcasting
 + Level 7.4 Conjurations
 + Level 8.2 Fire Magic


You had 9 spell levels left.
You knew the following spells:

 Your Spells              Type           Power        Failure   Level  Hunger
a - Flame Tongue          Conj/Fire      #####        1%          1    None
b - Throw Flame           Conj/Fire      #####.       1%          2    None
c - Sticky Flame          Conj/Fire      #####...     1%          4    ##.....
d - Conjure Flame         Conj/Fire      #####...     1%          3    None
e - Fireball              Conj/Fire      #####.....   1%          5    ####...


Dungeon Overview and Level Annotations

Branches:
Dungeon (1/1)

Altars:
Ashenzari
Cheibriados
Dithmenos
Elyvilon
Fedhas
Gozag
Hepliaklqana
Kikubaaqudgha
Makhleb
Nemelex Xobeh
Okawaru
Qazlal
Ru
Sif Muna
Trog
Uskayaw
Vehumet
Wu Jian
Xom
Yredelemnul
Zin
The Shining One
Beogh
Jiyva
Lugonu


Message History

Casting: Conjure Flame
Confirm with . or Enter, or press ? or * to list all spells.
Aiming: Conjure Flame
Press: ? - help, Dir - move target cursor You see a ghostly outline there, and the spell fizzles.
Something closely misses you.
Unknown command.
Unknown command.
Casting: Conjure Flame
Confirm with . or Enter, or press ? or * to list all spells.
You can't see any susceptible monsters within range! (Use Z to cast anyway.)
Casting: Conjure Flame
Confirm with . or Enter, or press ? or * to list all spells.
Aiming: Sticky Flame
Press: ? - help, Shift-Dir - straight line The sticky flame hits something.
Something hits you. Something drains your vigour!
You feel as though you will be slow longer.
Something hits you!
You die...

#.#........##.......#
#'###########.......#
#..#.#.## #########
#.......# ##.#.#.##
#.......#+#
##.#.#.##.+
#......§#'#
##.#.#@.'§#
##########


There were no monsters in sight!

Vanquished Creatures
  A water moccasin (D)
  An ice beast (D)
  2 ogres (D)
  A bullfrog (D)
  A gnoll shaman (D)
  2 orc wizards (D)
  5 gnolls (D)
  2 oozes (D)
  2 orcs (D)
  A bat (D)
  2 jackals (D)
  A kobold (D)
  2 quokkas (D)
  2 frilled lizards (D)
25 creatures vanquished.

Notes
Turn   | Place    | Note
-------+----------+-------------------------------------------
     0 | D        | potatolord6000 the Deep Elf Fire Elementalist began the quest for the Orb.
     0 | D        | Reached XP level 1. HP: 10/10 MP: 6/6
    95 | D        | Found a bloodstained altar of Trog.
    95 | D        | Found a deep blue altar of Sif Muna.
    95 | D        | Found a viscous altar of Jiyva.
    95 | D        | Found a hazy altar of Hepliaklqana.
    95 | D        | Found an opulent altar of Gozag.
    96 | D        | Found a glowing golden altar of the Shining One.
    96 | D        | Found a glowing silver altar of Zin.
    96 | D        | Found a basalt altar of Yredelemnul.
    96 | D        | Found a shimmering altar of Xom.
    96 | D        | Found an ornate altar of the Wu Jian Council.
    96 | D        | Found a sacrificial altar of Ru.
    96 | D        | Found a stormy altar of Qazlal.
    96 | D        | Found an iron altar of Okawaru.
    96 | D        | Found a sparkling altar of Nemelex Xobeh.
    96 | D        | Found a burning altar of Makhleb.
    96 | D        | Found a blossoming altar of Fedhas.
    96 | D        | Found a white marble altar of Elyvilon.
    96 | D        | Found a shadowy altar of Dithmenos.
    96 | D        | Found a snail-covered altar of Cheibriados.
    98 | D        | Found a radiant altar of Vehumet.
    98 | D        | Found a corrupted altar of Lugonu.
    98 | D        | Found a roughly hewn altar of Beogh.
   100 | D        | Found an ancient bone altar of Kikubaaqudgha.
   100 | D        | Found a hide-covered altar of Uskayaw.
   100 | D        | Found a shattered altar of Ashenzari.
   110 | D        | Became a worshipper of Vehumet
   131 | D        | Reached * piety under Vehumet
   131 | D        | Offered knowledge of Sandblast by Vehumet.
   131 | D        | Reached XP level 2. HP: 13/15 MP: 3/8
   167 | D        | Learned a level 2 spell: Throw Flame
   266 | D        | Reached ** piety under Vehumet
   322 | D        | Offered knowledge of Magic Dart by Vehumet.
   322 | D        | Reached XP level 3. HP: 15/19 MP: 7/11
   324 | D        | Reached *** piety under Vehumet
   324 | D        | Reached skill level 5 in Stealth
   324 | D        | Reached skill level 5 in Spellcasting
   324 | D        | Reached XP level 4. HP: 19/24 MP: 4/13
   325 | D        | Reached skill level 5 in Dodging
   451 | D        | Learned a level 4 spell: Sticky Flame
   457 | D        | Noticed a water moccasin
   460 | D        | Noticed a bullfrog
   460 | D        | Noticed an ogre
   465 | D        | Killed a water moccasin
   465 | D        | Reached skill level 5 in Conjurations
   465 | D        | Reached XP level 5. HP: 16/28 MP: 5/16
   470 | D        | Noticed an ogre
   474 | D        | Offered knowledge of Mephitic Cloud by Vehumet.
   474 | D        | Reached **** piety under Vehumet
   483 | D        | Reached XP level 6. HP: 24/32 MP: 8/19
   487 | D        | Reached ***** piety under Vehumet
   615 | D        | Learned a level 3 spell: Conjure Flame
   621 | D        | Learned a level 5 spell: Fireball
   644 | D        | Noticed an ice beast
   682 | D        | Killed an ice beast
   682 | D        | Offered knowledge of Airstrike by Vehumet.
   682 | D        | Reached XP level 7. HP: 36/36 MP: 21/21
   754 | D        | Slain by a shadow wraith

Vault maps used:
D:        pitsprint

Skill      XL: |  1  2  3  4  5  6 |
---------------+-------------------+-----
Stealth        | 3 4 5 6 7 9 |  9.4
Dodging        | 3 4 6 7 8 |  8.7
Conjurations   | 2 3 5 6 7 |  7.4
Spellcasting   | 4 5 6 8 9 |  9.4
Fire Magic     | 4 6 7 8 |  8.2

Action                   |  1- 3 |  4- 6 |  7- 9 || total
-------------------------+-------+-------+-------++-------
Melee: Dagger            |       |     8 |       ||     8
 Cast: Flame Tongue      |    25 |    31 |       ||    56
       Throw Flame       |     1 |     5 |       ||     6
       Conjure Flame     |       |     1 |     3 ||     4
       Sticky Flame      |       |     1 |     2 ||     3
  Use: Scroll            |       |     1 |     1 ||     2
       Potion            |       |     7 |     4 ||    11
 Stab: Invisible         |       |     1 |       ||     1
Armor: Robe              |     1 |     1 |     1 ||     3
Dodge: Dodged            |     5 |    18 |     3 ||    26

Table legend:
 A = Spawn XP
 B = Non-spawn XP
 C = Spawn XP percentage of total XP
 D = Spawn monster count
 E = Non-spawn monster count
 F = Spawn count percentage of total count
 G = Total turns spent on level
                    A         B        C        D         E        F      G
               +---------+---------+-------+---------+---------+-------+---------
         Total |       0 |     814 |   0.0 |       0 |      25 |   0.0 |   754
               +---------+---------+-------+---------+---------+-------+---------
             D |       0 |     814 |   0.0 |       0 |      25 |   0.0 |   754
               +---------+---------+-------+---------+---------+-------+---------
